 Dungeon Crawl Stone Soup version 0.26-a0-664-gc8b27b8fc1 (webtiles) character file.

Game seed: 14646318767908027601

57 Banto the Cudgeler (level 4, 0/33 HPs)
             Began as a Human Gladiator on Oct 13, 2020.
             Slain by Natasha (3 damage)
             ... on level 2 of the Dungeon.
             The game lasted 00:01:02 (1254 turns).

Banto the Cudgeler (Human Gladiator)                Turns: 1254, Time: 00:01:03

Health: 0/33       AC:  9    Str: 14    XL:     4   Next: 18%
Magic:  4/4        EV:  7    Int: 10    God:
Gold:   63         SH:  0    Dex: 14    Spells: 3/3 levels left

rFire    . . .     SeeInvis .   a - +0 flail
rCold    . . .     Faith    .   (no shield)
rNeg     . . .     Spirit   .   e - +0 chain mail
rPois    .         Reflect  .   c - +0 helmet
rElec    .         Harm     .   (no cloak)
rCorr    .         Rampage  .   (no gloves)
MR       .....                  (no boots)
Stlth    ..........             (no amulet)
HPRegen  0.11/turn              (no ring)
MPRegen  0.09/turn              (no ring)

@: no status effects
A: no striking features
a: no special abilities


You were on level 2 of the Dungeon.
You visited 1 branch of the dungeon, and saw 2 of its levels.

You collected 63 gold pieces.

Inventory:

Hand Weapons
 a - a +0 flail (weapon)
Missiles
 d - 3 throwing nets (quivered)
Armour
 c - a +0 helmet (worn)
 e - a +0 chain mail (worn)
Scrolls
 b - a scroll of fog {unknown}
 g - a scroll of identify {unknown}
 h - a scroll of amnesia {unknown}
 j - a scroll of enchant weapon {unknown}
Potions
 f - a potion of stabbing {unknown}
 i - a potion of magic {unknown}


   Skills:
 - Level 2.0 Fighting
 + Level 4.7 Maces & Flails
 - Level 2.0 Throwing
 - Level 3.0 Dodging


You had 3 spell levels left.
You didn't know any spells.
Your spell library was empty.

Dungeon Overview and Level Annotations

Branches:
Dungeon (2/15)

Altars:

Annotations:
D:2 1 runed translucent door, Crazy Yiuf, Natasha


Message History

* * * LOW HITPOINT WARNING * * *
You take 6 damage, and have 9/33 hp.
You hit Natasha.
Natasha is moderately wounded.
You feel sick. Natasha claws you.
* * * LOW HITPOINT WARNING * * *
You take 6 damage, and have 3/33 hp.
You closely miss Natasha.
Natasha is moderately wounded.
Natasha claws you but does no damage.
You sock Natasha!
Natasha is severely wounded.
Natasha claws you but does no damage.
Okay, then.
You hit Natasha.
Natasha is almost dead.
You feel sick.
You are no longer poisoned.
Natasha claws you.
You die...

...# #...#####
#######.#
)†.###...####
#.....#.#######
##......##...#
#.###.#.......#
......>.##..)# #.#
#.#######.#
##).....##...# #.###)#
#†# ......>.##...#
#.....# #.#
........##...# ####..#
#.#
........##...######..#
#.#
.............55h@....#
#.#
............5#######.#
#.# ............§# #.#
#.# ............555.#
#.# #.#
..........?.....# #.#
#.# ......###.......#
#.# #.# ......
#.......# #.# #.#
..[... #.......# #(#
#.# ###### #.......#
#.# #.#


You could see Natasha, 2 crimson imps and a shadow imp (summoned).

Vanquished Creatures
  An adder (D:2)
  A worm (D:2)
  2 dart slugs (D:1)
  3 leopard geckos (D:2)
  2 ball pythons
  5 giant cockroaches
  A goblin (D:2)
  5 hobgoblins
  2 quokkas (D:2)
  2 bats (D:1)
  5 frilled lizards
  3 kobolds
  7 rats
39 creatures vanquished.

Notes
Turn   | Place    | Note
-------+----------+-------------------------------------------
     0 | D:1      | Banto the Human Gladiator began the quest for the Orb.
     0 | D:1      | Reached XP level 1. HP: 16/16 MP: 1/1
    73 | D:1      | Reached XP level 2. HP: 22/22 MP: 2/2
   551 | D:1      | Reached skill level 4 in Maces & Flails
   551 | D:1      | Reached XP level 3. HP: 23/27 MP: 3/3
  1176 | D:2      | Found a runed translucent door.
  1177 | D:2      | Noticed Crazy Yiuf
  1234 | D:2      | Noticed Natasha
  1246 | D:2      | Reached XP level 4. HP: 16/33 MP: 4/4
  1254 | D:2      | Slain by Natasha

Illustrated notes

Levels and vault maps discovered:
D:1:      roderic_dead_forest, layout_basic
D:2:      layout_basic, old_standard_altar, uniq_crazy_yiuf_cottage,
          uniq_natasha

Skill      XL: |  1  2 |
---------------+-------+-----
Maces & Flails | 4 |  4.7
Fighting       | |  2.0
Throwing       | |  2.0
Dodging        | |  3.0

Action                   |  1- 3 |  4- 6 || total
-------------------------+-------+-------++-------
Melee: Flail             |   121 |     7 ||   128
Armor: Chain mail        |    81 |     3 ||    84
       Leather armour    |     1 |       ||     1
Dodge: Dodged            |    50 |     1 ||    51

Table legend: (Time is in decaauts)
 A = Elapsed time spent in this place.
 B = Non-inter-level travel time spent in this place.
 C = Inter-level travel time spent in this place.
 D = Time resting spent in this place.
 E = Time spent auto-exploring this place.
 F = Levels seen in this place.
 G = Mean time per level.
                   A        B        C        D        E       F      G
               +--------+--------+--------+--------+--------+-----+--------+
         Total |   1279 |   1248 |     31 |      0 |    965 |   2 |  639.5 |
       Dungeon |   1279 |   1248 |     31 |      0 |    965 |   2 |  639.5 |
               +--------+--------+--------+--------+--------+-----+--------+

Top non-repeatable levels by time:
     D:1: 770 daAuts
     D:2: 508 daAuts

Table legend:
 A = Kills in this place as a percentage of kills in entire the game.
 B = Kills by you in this place as a percentage of kills by you in the entire game.
 C = Kills by friends in this place as a percentage of kills by friends in the entire game.
 D = Other kills in this place as a percentage of other kills in the entire game.
 E = Experience gained in this place as a percentage of experience gained in the entire game.
 F = Experience gained in this place divided by the number of levels of this place that you have seen.
                   A       B       C       D       E      F
               +-------+-------+-------+-------+-------+----------------------
         Total | 100.0 | 100.0 |   N/A |   N/A | 100.0 |  41.0
       Dungeon | 100.0 | 100.0 |   N/A |   N/A | 100.0 |  41.0
               +-------+-------+-------+-------+-------+----------------------
